AoeStats
← Gary038202

Oasis

509854319Analyzed
4v4 RM · 4d ago on Sep 28, 2026· 46m 24s· 8 players
Game mode
Random Map
Map size
Large (8 player)
Population
200
Speed
Normal
Resources
Standard
Victory
Conquest
Starting age
Dark Age
Ending age
Imperial Age
RankedLock teamsTeams togetherTeam positionsShared explorationLock speedFull tech treeHidden civsTurbo modeCheats
Victory
Defeat
🇹🇼 Lithuanians · Taiwan
1057
+10
🇹🇼 Magyars · Taiwan
1007
+11
🇮🇩 Huns · Indonesia
951
+14
🇹🇼 Danes · Taiwan
950
+14
🇨🇳 Turks · China
919
-13
🇨🇳 Persians · China
911
-12
🇦🇷 Chinese · Argentina
895
-12
🇻🇳 Mongols · Vietnam
892
-12
Peaky Blinders
0:43 Loom
11:02 Feudal Age
15:59 Castle Age
13:54 Double-Bit Axe
13:52 Horse Collar
30:44 Imperial Age
29:00 Wheelbarrow
28:12 Town Watch
29:44 Town Patrol
30:29 Hand Cart
31:34 Bow Saw
31:27 Heavy Plow
31:58 Caravan
32:55 Parthian Tactics
32:54 Conscription
32:40 Fletching
32:51 Padded Archer Armor
33:18 Ballistics
33:59 Chemistry
33:51 Arson
34:06 Squires
33:27 Pikeman
34:23 Leather Archer Armor
34:04 Bodkin Arrow
34:15 Scale Barding Armor
34:16 Scale Mail Armor
34:28 Forging
35:18 Thumb Ring
35:22 Gold Mining
35:28 Stone Mining
35:48 Bracer
36:04 Masonry
38:12 Iron Casting
37:55 Chain Mail Armor
菜鸟
0:32 Loom
12:25 Feudal Age
16:28 Double-Bit Axe
19:19 Castle Age
17:38 Stone Mining
18:24 Horse Collar
21:51 Bow Saw
25:10 Gold Mining
30:43 Wheelbarrow
30:50 Gold Shaft Mining
34:05 Imperial Age
31:51 Forging
32:36 Hand Cart
32:33 Scale Mail Armor
33:20 Bloodlines
34:22 Iron Casting
34:20 Heavy Plow
34:51 Husbandry
35:16 Sipahi
35:02 Fletching
36:29 Blast Furnace
36:35 Chain Mail Armor
37:37 Chain Mail Armor
38:35 Two-Man Saw
40:01 Plate Mail Armor
41:19 Bodkin Arrow
76561199184427487
11:10 Feudal Age
15:49 Castle Age
13:44 Double-Bit Axe
18:09 Bow Saw
20:22 Horse Collar
22:36 Heavy Plow
25:14 Wheelbarrow
26:31 Hand Cart
26:15 Gold Mining
26:17 Stone Mining
27:32 Gold Shaft Mining
28:33 Stone Shaft Mining
32:24 Imperial Age
31:01 Forging
30:41 Fletching
30:51 Padded Archer Armor
30:51 Scale Mail Armor
30:58 Scale Barding Armor
31:44 Caravan
32:24 Iron Casting
33:54 Conscription
33:57 Rocketry
35:08 Two-Man Saw
34:08 Elite Chu Ko Nu
35:10 Elite Fire Lancer
36:51 Bodkin Arrow
37:11 Leather Archer Armor
37:12 Chain Mail Armor
37:20 Leather Archer Armor
40:31 Blast Furnace
39:31 Bracer
40:02 Ring Archer Armor
39:47 Chain Mail Armor
39:53 Chain Barding Armor
44:13 Squires
44:56 Cavalier
45:37 Husbandry
Aaron_7
ELVizay
0:26 Loom
12:35 Feudal Age
17:37 Castle Age
16:21 Horse Collar
16:29 Double-Bit Axe
18:28 Bow Saw
19:25 Stone Mining
30:04 Marauders
33:30 Imperial Age
31:37 Forging
31:42 Scale Barding Armor
32:18 Gold Mining
32:51 Heavy Plow
33:15 Bloodlines
33:06 Husbandry
33:45 Iron Casting
33:56 Chain Barding Armor
34:30 Gold Shaft Mining
34:01 Elite Tarkan
36:05 Blast Furnace
36:21 Plate Barding Armor
41:41 Cavalier
43:03 Paladin
Gary038202
10:43 Feudal Age
14:45 Castle Age
12:37 Double-Bit Axe
13:07 Horse Collar
16:12 Bow Saw
16:43 Heavy Plow
21:09 Wheelbarrow
22:29 Loom
25:53 Gold Mining
25:54 Stone Mining
28:09 Hand Cart
31:05 Imperial Age
29:19 Stone Shaft Mining
29:16 Scale Barding Armor
29:22 Forging
30:41 Chain Barding Armor
30:59 Bloodlines
30:49 Husbandry
30:10 Light Cavalry
31:23 Elite Leitis
32:46 Plate Barding Armor
32:47 Iron Casting
31:40 Cavalier
33:19 Conscription
33:04 Winged Hussar
36:36 Crop Rotation
37:08 Two-Man Saw
36:16 Fletching
John9487
0:27 Loom
10:54 Feudal Age
15:27 Castle Age
14:00 Double-Bit Axe
14:21 Horse Collar
16:48 Bow Saw
21:22 Wheelbarrow
25:10 Gold Mining
25:14 Stone Mining
28:05 Gold Shaft Mining
28:08 Hand Cart
28:16 Hand Cart
30:49 Imperial Age
29:39 Scale Barding Armor
29:37 Corvinian Army
29:41 Heavy Plow
30:16 Ballistics
31:27 Caravan
32:59 Chain Barding Armor
32:14 Elite Magyar Huszar
33:15 Conscription
34:43 Two-Man Saw
33:54 Recurve Bow
34:09 Bloodlines
34:00 Husbandry
35:01 Thumb Ring
34:52 Heavy Cavalry Archer
35:58 Parthian Tactics
36:50 Chemistry
37:09 Fletching
37:19 Padded Archer Armor
37:58 Bodkin Arrow
39:36 Bracer
40:12 Plate Barding Armor
39:53 Leather Archer Armor
39:41 Murder Holes
39:30 Treadmill Crane
40:02 Masonry
41:01 Crop Rotation
45:30 Ring Archer Armor
mzk_TsushimaRiko
8:47 Loom
11:35 Feudal Age
15:54 Castle Age
15:20 Double-Bit Axe
15:18 Horse Collar
22:20 Bow Saw
24:29 Wheelbarrow
26:23 Masonry
28:09 Caravan
32:50 Imperial Age
31:45 Town Watch
32:16 Hand Cart
32:11 Gold Mining
34:43 Chemistry
34:05 Ballistics
34:07 Siege Engineers
36:39 Conscription
36:16 Northmen's Fury
36:25 Onager
37:39 Squires
37:24 Arson
37:57 Elite Varangian Guard
38:09 Siege Onager
40:03 Gold Shaft Mining
Connection lost

Rejoining the realm…

Still unreachable

The connection could not be restored.

Session expired

The server has moved on; the page needs a fresh start.